 Dungeon Sprint DCSS version 0.31-a0-848-gaac375c287 (webtiles) character file.

Game seed: 8061397568077129085

47728 sircluck the Brawler (level 14, -10/167 HPs)
             Began as a Troll Berserker on Oct 4, 2023.
             Was an Elder of Trog.
             Mangled by an Executioner (17 damage)
             ... summoned by Gloorx Vloq
             ... in the Dungeon (Sprint VII: "The Pits").
             The game lasted 00:15:13 (3159 turns).

sircluck the Brawler (Troll Berserker)              Turns: 3159, Time: 00:15:14

Health: -10/167    AC: 17    Str: 45    XL:     14   Next: 9%
Magic:  8/13       EV: 14    Int:  1    God:    Trog [****..]
Gold:   62         SH:  0    Dex:  9    Spells: 13/13 levels left

rFire   . .          .
                       - Unarmed
rCold   x . .        (no shield)
rNeg    . . .        p - +0 swamp dragon scales
rPois   +            (helmet restricted)
rElec   +            A - +2 cloak {Will+}
rCorr   +            (gloves unavailable)
SInv    .            (boots unavailable)
Will    +++++        g - amulet of Yhaxto Puso {Will+++ Regen+ rCorr}
Stlth   +            W - ring "Kasefioso" {rCorr Str+6 Int+3 Stlth+}
HPRegen 3.07/turn    V - ring "Roares" {Fire rElec rPois Str+7 Int-5}
MPRegen 0.13/turn

%: no teleportation
@: strong-willed, regenerating, studying Maces & Flails
A: large, unfitting armour, claws 3, regeneration 1, shaggy fur 1, tough skin 1,
heat vulnerability 1
a: Renounce Religion, Berserk, Trog's Hand, Brothers in Arms


You were in the Dungeon.
You worshipped Trog.
Trog was greatly pleased with you.
You visited 1 branch You collected 62 gold pieces.

Inventory:

Armour
 a - a +0 animal skin
 p - +0 swamp dragon scales (worn)
 y - the orb "Ynkyth" {guile, rN+}
   (You found it in the Dungeon)

   rN+:       It protects you from negative energy.
 A - a +2 cloak of willpower (worn)
Jewellery
 g - the amulet of Yhaxto Puso (around neck) {Will+++ Regen+ rCorr}
   (You found it in the Dungeon)

   [amulet of regeneration]

   Will+++:   It greatly increases your willpower.
   Regen+:    It increases your rate of health regeneration.
   rCorr:     It protects you from acid and corrosion.
 n - the ring of Zumu {rN+ rCorr AC+6 Str+2 Int-5}
   (You found it in the Dungeon)

   [ring of protection]

   AC+6:      It affects your AC (+6).
   Str+2:     It affects your strength (+2).
   Int-5:     It affects your intelligence (-5).
   rN+:       It protects you from negative energy.
   rCorr:     It protects you from acid and corrosion.
 E - the amulet of the Scuffed Mangosteen {Reflect Regen+ Dex+3 SH+5}
   (You found it in the Dungeon)

   [amulet of reflection]

   Reflect:   It reflects blocked missile attacks.
   Dex+3:     It affects your dexterity (+3).
   Regen+:    It increases your rate of health regeneration.
   SH+5:      It affects your SH (+5).
 F - the amulet "Tarydis" {Spirit rF+}
   (You found it in the Dungeon)

   [amulet of guardian spirit]

   Spirit:    It causes incoming damage to be divided between your reserves of
   health and magic.
   rF+:       It protects you from fire.
 G - the ring of Awe {rF+ Will+ Dex+6}
   (You found it in the Dungeon)

   [ring of dexterity]

   Dex+6:     It affects your dexterity (+6).
   rF+:       It protects you from fire.
   Will+:     It increases your willpower.
 H - the ring of the Madman {rPois Dex+2}
   (You found it in the Dungeon)

   [ring of poison resistance]

   Dex+2:     It affects your dexterity (+2).
   rPois:     It protects you from poison
 I - the ring of Ugyas {rPois Int+6}
   (You found it in the Dungeon)

   [ring of intelligence]

   Int+6:     It affects your intelligence (+6).
   rPois:     It protects you from poison
 J - the ring of Ypti Qoe {*Slow rCorr Dex+5}
   (You found it in the Dungeon)

   [ring of resist corrosion]

   Dex+5:     It affects your dexterity (+5).
   rCorr:     It protects you from acid and corrosion.
   *Slow:     It may slow you when you take damage.
 K - the amulet "Haucecash" {Acrobat Str+3}
   (You found it in the Dungeon)

   [amulet of the acrobat]

   Acrobat:   It increases your evasion while moving and waiting.
   Str+3:     It affects your strength (+3).
 L - the amulet of Existentialism {Reflect rC+ Str+3 Int+4 Dex-3 SH+5}
   (You found it in the Dungeon)

   [amulet of reflection]

   Reflect:   It reflects blocked missile attacks.
   Str+3:     It affects your strength (+3).
   Int+4:     It affects your intelligence (+4).
   Dex-3:     It affects your dexterity (-3).
   rC+:       It protects you from cold.
   SH+5:      It affects your SH (+5).
 N - the amulet "Vogaew" {Acrobat Int+3}
   (You found it in the Dungeon)

   [amulet of the acrobat]

   Acrobat:   It increases your evasion while moving and waiting.
   Int+3:     It affects your intelligence (+3).
 O - the ring of Prescription {rPois MP+9}
   (You found it in the Dungeon)

   [ring of poison resistance]

   rPois:     It protects you from poison MP+9: It affects your magic capacity
   (+9).
 P - the ring of Fegaablu {rF- rN++ rCorr Int+2 Dex+6}
   (You found it in the Dungeon)

   [ring of dexterity]

   Int+2:     It affects your intelligence (+2).
   Dex+6:     It affects your dexterity (+6).
   rF-:       It makes you vulnerable to fire.
   rN++:      It greatly protects you from negative energy.
   rCorr:     It protects you from acid and corrosion.
 R - the amulet "Faafeeri" {Spirit Int+3}
   (You found it in the Dungeon)

   [amulet of guardian spirit]

   Spirit:    It causes incoming damage to be divided between your reserves of
   health and magic.
   Int+3:     It affects your intelligence (+3).
 S - the ring "Boci" {rF++ rN+}
   (You found it in the Dungeon)

   [ring of positive energy]

   rF++:      It greatly protects you from fire.
   rN+:       It protects you from negative energy.
 T - the ring of Belin {Ice Will+ rCorr}
   (You found it in the Dungeon)

   [ring of ice]

   Ice:       It enhances your ice magic.
   rF-:       It makes you vulnerable to fire.
   rC+:       It protects you from cold.
   Will+:     It increases your willpower.
   rCorr:     It protects you from acid and corrosion.
 U - the ring of Kuseudd {rC+ Str+6}
   (You found it in the Dungeon)

   [ring of strength]

   Str+6:     It affects your strength (+6).
   rC+:       It protects you from cold.
 V - the ring "Roares" (right claw) {Fire rElec rPois Str+7 Int-5}
   (You found it in the Dungeon)

   [ring of fire]

   Fire:      It enhances your fire magic.
   Str+7:     It affects your strength (+7).
   Int-5:     It affects your intelligence (-5).
   rF+:       It protects you from fire.
   rC-:       It makes you vulnerable to cold.
   rElec:     It insulates you from electricity.
   rPois:     It protects you from poison
 W - the ring "Kasefioso" (left claw) {rCorr Str+6 Int+3 Stlth+}
   (You found it in the Dungeon)

   [ring of strength]

   Str+6:     It affects your strength (+6).
   Int+3:     It affects your intelligence (+3).
   rCorr:     It protects you from acid and corrosion.
   Stlth+:    It makes you more stealthy.
 X - the ring "Jukuikheacw" {rPois Stlth+}
   (You found it in the Dungeon)

   [ring of poison resistance]

   rPois:     It protects you from poison Stlth+: It makes you more stealthy.
 Y - the ring "Zutas" {Ice rN+ Will+ Slay-3}
   (You found it in the Dungeon)

   [ring of ice]

   Ice:       It enhances your ice magic.
   Slay-3:    It affects your accuracy & damage with ranged weapons and melee
   (-3).
   rF-:       It makes you vulnerable to fire.
   rC+:       It protects you from cold.
   rN+:       It protects you from negative energy.
   Will+:     It increases your willpower.
 Z - the ring of Sif Muna's Castigation {rElec rF+ rC+ rN++ Dex-2}
   (You found it in the Dungeon)

   [ring of protection from cold]

   Dex-2:     It affects your dexterity (-2).
   rF+:       It protects you from fire.
   rC+:       It protects you from cold.
   rElec:     It insulates you from electricity.
   rN++:      It greatly protects you from negative energy.
Wands
 k - a wand of flame (8)
 u - a wand of acid (5)
 x - a wand of digging (5)
 B - a wand of charming (4)
Scrolls
 i - 2 scrolls of vulnerability
 q - 3 scrolls of fear
 s - 2 scrolls of identify
 w - 2 scrolls of enchant weapon
Potions
 b - 4 potions of curing
 c - 15 potions of heal wounds
 d - 2 potions of haste
 e - 4 potions of magic
 f - 5 potions of berserk rage
 h - 2 potions of invisibility
 m - a potion of mutation
 o - 3 potions of might
Miscellaneous
 C - a box of beasts


   Skills:
 + Level 17.9 Fighting
 + Level 14.5 Armour
 + Level 17.8 Dodging
 + Level 20.8 Unarmed Combat


You had 13 spell levels left.
You didn't know any spells.
Your spell library was empty.

Dungeon Overview and Level Annotations

Branches:
Dungeon (1/1)

Altars:
Ashenzari
Cheibriados
Dithmenos
Elyvilon
Fedhas
Gozag
Hepliaklqana
Kikubaaqudgha
Makhleb
Nemelex Xobeh
Okawaru
Qazlal
Ru
Sif Muna
Trog
Uskayaw
Vehumet
Wu Jian
Xom
Yredelemnul
Zin
The Shining One
Jiyva
Lugonu

Annotations:
D Gloorx Vloq


Innate Abilities, Weirdness & Mutations

You are too large for most types of armour.
You have claws for hands.
Your natural rate of healing is unusually fast.
You are covered in fur. (AC +1)
You have tough skin. (AC +1)
You are vulnerable to heat. (rF-)


Message History

The Executioner hits you but does no damage.
The Executioner barely misses you.
The Executioner hits you but does no damage.
You mangle the Executioner!!
You kill the Executioner!
The Executioner disappears in a puff of smoke!
Your ogre hits Gloorx Vloq with a +0 giant club!!
The Executioner hits you!
* * * LOW HITPOINT WARNING * * *
The Executioner hits you but does no damage. x2
The deep elf blademaster hits your ogre with a +0 rapier! x2
Your ogre dies!
Your ogre's corpse disappears in a puff of smoke!
Gloorx Vloq calls on the powers of darkness!
Your body is wracked with pain!
* * * LOW HITPOINT WARNING * * *
The black draconian knight convulses!
The deep elf blademaster convulses!
The black draconian knight gestures wildly while chanting.
The black draconian knight flickers and vanishes!
Deactivating autopickup; reactivate with Ctrl-A.
Unknown command.
Unknown command.
Unknown command.
Unknown command.
Unknown command.
Aiming: Charm
Press: ? - help, Q - select action, (/) - cycle Shift-Dir - straight line, f - Executioner
Aim: an Executioner (summoned, chance to affect: 0%)
Okay, then.
You barely miss the Executioner. The Executioner hits you.
* * * LOW HITPOINT WARNING * * *
The Executioner hits you but does no damage.
The Executioner completely misses you.
Your skin crawls.
You feel strong-willed.
The Executioner gestures.
The Executioner seems to speed up.
Gloorx Vloq gestures.
The Executioner hits you!
You die... 'C

'. #' '. '. #
###########################+#
).b§§e1§§.....1111.....)....#
b.§§&§§e§.....e&@1..[..[))).#
##########++##############..#
#).# #).# #..# #))# #[.# #).#
#).#


You could see Gloorx Vloq, a deep elf blademaster and 5 Executioners.

Vanquished Creatures
  A golden dragon (D)
  2 sphinxes (D)
  A nagaraja (D)
  A deep elf sorcerer (D)
  A balrug (D)
  A draconian stormcaller (D)
  A black draconian (D)
  3 deep elf demonologists (D)
  A lorocyproca (D)
  A deep elf death mage (D)
  A deep elf high priest (D)
  A catoblepas (D)
  An ice dragon (D)
  A two-headed ogre (D)
  A boulder beetle (D)
  A centaur warrior (D)
  A demonic crawler (D)
  A vampire mage (D)
  A soul eater (D)
  A sun demon (D)
  3 skeletal warriors (D)
  2 wizards (D)
  A black mamba (D)
  2 naga magi (D)
  2 cane toads (D)
  A komodo dragon (D)
  An ice devil (D)
  A guardian mummy (D)
  A troll (D)
  A red devil (D)
  A hornet (D)
  2 hellwings (D)
  A dream sheep (D)
  A tyrant leech (D)
  An air elemental (D)
  2 spriggans (D)
  Sigmund (D)
  A jumping spider (D)
  A wraith (D)
  A fire elemental (D)
  A neqoxec (D)
  A warg (D)
  2 floating eyes (D)
  2 water moccasins (D)
  An ice beast (D)
  A small abomination (D)
  A wolf (D)
  2 centaurs (D)
  A bullfrog (D)
  A wight (D)
  4 killer bees (D)
  A quasit (D)
  2 orc priests (D)
  4 orc wizards (D)
  2 mummies (D)
  A gnoll (D)
  7 orcs (D)
  A bat zombie (D)
  3 giant cockroaches (D)
  A hobgoblin (D)
  A kobold (D)
  A quokka (D)
  A ball python (D)
  A bat simulacrum (D)
  A jackal simulacrum (D)
  A quokka skeleton (D)
  2 rats (D)
97 creatures vanquished.

Vanquished Creatures (collateral kills)
  A profane servitor (D)
  A nagaraja (D)
  A frost giant (D)
  A vampire knight (D)
  A white draconian (D)
  A purple draconian (D)
  A red draconian (D)
  A green death (D)
  An eidolon (D)
  2 deep elf death magi (D)
  A deep elf high priest (D)
  A hydra (D)
  A merfolk avatar (D)
  An alligator snapping turtle (D)
  2 naga warriors (D)
  An ogre mage (D)
  An iron troll (D)
  2 bog bodies (D)
  A swamp dragon (D)
  An orc knight (D)
  A wizard (D)
  A deep elf zephyrmancer (D)
  An orc sorcerer (D)
  A salamander (D)
  A cyclops (D)
  A moth of wrath (D)
  A rust devil (D)
  A naga mage (D)
  A molten gargoyle (D)
  An eye of devastation (D)
  A rime drake (D)
  A guardian mummy (D)
  A red devil (D)
  A merfolk (D)
  A wind drake (shapeshifter) (D)
  6 dream sheep (D)
  A fire elemental (D)
  A chaos spawn (D)
  A basilisk (D)
  3 nagas (D)
  An ogre (D)
  A kobold brigand (D)
  4 wights (D)
  5 killer bees (D)
  A crimson imp (D)
  A jelly (D)
  2 iron imps (D)
  An orc (D)
  A giant cockroach (D)
  A kobold (D)
68 creatures vanquished.

Vanquished Creatures (others)
  A vampire mage (D)
  A floating eye (D)
2 creatures vanquished.

Grand Total: 167 creatures vanquished

Notes
Turn   | Place    | Note
-------+----------+-------------------------------------------
     0 | D        | sircluck the Troll Berserker began the quest for the Orb.
     0 | D        | Reached XP level 1. HP: 22/22 MP: 0/0
    23 | D        | Found a bloodstained altar of Trog.
    23 | D        | Found a shimmering blue altar of Sif Muna.
    23 | D        | Found a viscous altar of Jiyva.
    23 | D        | Found a hazy altar of Hepliaklqana.
    23 | D        | Found an opulent altar of Gozag.
    24 | D        | Found a glowing golden altar of the Shining One.
    24 | D        | Found a glowing silver altar of Zin.
    24 | D        | Found a basalt altar of Yredelemnul.
    24 | D        | Found a shimmering altar of Xom.
    24 | D        | Found an ornate altar of the Wu Jian Council.
    24 | D        | Found a sacrificial altar of Ru.
    24 | D        | Found a stormy altar of Qazlal.
    24 | D        | Found an iron altar of Okawaru.
    24 | D        | Found a sparkling altar of Nemelex Xobeh.
    24 | D        | Found a burning altar of Makhleb.
    24 | D        | Found a blossoming altar of Fedhas.
    24 | D        | Found a white marble altar of Elyvilon.
    24 | D        | Found a shadowy altar of Dithmenos.
    24 | D        | Found a snail-covered altar of Cheibriados.
    27 | D        | Found a corrupted altar of Lugonu.
    27 | D        | Found a radiant altar of Vehumet.
    28 | D        | Found an ancient bone altar of Kikubaaqudgha.
    28 | D        | Found a hide-covered altar of Uskayaw.
    28 | D        | Found a broken altar of Ashenzari.
    65 | D        | Reached ** piety under Trog
    79 | D        | Noticed a floating eye
    79 | D        | Noticed a floating eye
    80 | D        | Paralysed by a floating eye for 3 turns
    86 | D        | Paralysed by a floating eye for 2 turns
    88 | D        | Killed a floating eye
    88 | D        | Reached *** piety under Trog
    89 | D        | Reached skill level 5 in Fighting
    89 | D        | Reached skill level 5 in Dodging
    89 | D        | Reached skill level 6 in Unarmed Combat
    89 | D        | Reached XP level 2. HP: 34/35 MP: 1/1
    89 | D        | Reached XP level 3. HP: 41/42 MP: 2/2
    89 | D        | Reached XP level 4. HP: 49/50 MP: 3/3
    90 | D        | Killed a floating eye
    91 | D        | Reached skill level 7 in Unarmed Combat
    91 | D        | Reached XP level 5. HP: 55/59 MP: 4/4
   157 | D        | Reached **** piety under Trog
   168 | D        | Reached XP level 6. HP: 50/68 MP: 5/5
   177 | D        | Reached ***** piety under Trog
   180 | D        | Reached skill level 8 in Unarmed Combat
   208 | D        | Noticed Sigmund
   224 | D        | Killed Sigmund
   224 | D        | Received a gift from Trog
   225 | D        | Reached skill level 9 in Unarmed Combat
   265 | D        | Reached XP level 7. HP: 79/79 MP: 6/6
   295 | D        | Noticed a komodo dragon
   300 | D        | Killed a komodo dragon
   301 | D        | Reached skill level 10 in Unarmed Combat
   328 | D        | Received a gift from Trog
   357 | D        | Noticed an ice devil
   366 | D        | Killed an ice devil
   367 | D        | Reached skill level 11 in Unarmed Combat
   367 | D        | Reached XP level 8. HP: 71/92 MP: 7/7
   370 | D        | Received a gift from Trog
   378 | D        | Reached ****** piety under Trog
   470 | D        | Noticed a hellwing
   478 | D        | Killed a hellwing
   484 | D        | Reached skill level 10 in Fighting
   544 | D        | Noticed a swamp dragon
   544 | D        | Noticed a bog body
   548 | D        | Killed a bog body
   549 | D        | Reached skill level 10 in Dodging
   549 | D        | Reached skill level 12 in Unarmed Combat
   549 | D        | Reached XP level 9. HP: 84/102 MP: 8/8
   553 | D        | Killed a swamp dragon
   554 | D        | Reached skill level 13 in Unarmed Combat
   664 | D        | Noticed a bog body
   664 | D        | Noticed a naga warrior
   664 | D        | Noticed a salamander
   669 | D        | Reached skill level 1 in Armour
   672 | D        | Killed a salamander
   672 | D        | Received a gift from Trog
   678 | D        | Killed a naga warrior
   679 | D        | Reached XP level 10. HP: 79/115 MP: 9/9
   679 | D        | Killed a bog body
   680 | D        | Reached skill level 14 in Unarmed Combat
   683 | D        | Reached skill level 5 in Armour
   726 | D        | Noticed a boulder beetle
   729 | D        | Received a gift from Trog
   796 | D        | Killed a boulder beetle
   834 | D        | Noticed an alligator snapping turtle
   858 | D        | Killed an alligator snapping turtle
   859 | D        | Reached skill level 15 in Unarmed Combat
   859 | D        | Reached XP level 11. HP: 127/127 MP: 10/10
   866 | D        | Received a gift from Trog
   872 | D        | Noticed a demonic crawler
   897 | D        | Killed a demonic crawler
   967 | D        | Paralysed by an air elemental for 1 turns
   969 | D        | Received a gift from Trog
   992 | D        | Noticed an orc sorcerer
   992 | D        | Noticed a two-headed ogre
   996 | D        | Noticed an orc knight
   997 | D        | Noticed a naga warrior
   999 | D        | Killed an orc sorcerer
  1010 | D        | Killed an orc knight
  1012 | D        | Received a gift from Trog
  1014 | D        | Killed a two-headed ogre
  1015 | D        | Reached skill level 16 in Unarmed Combat
  1025 | D        | Identified the +9 great sword "Qiciptoa" {flame, +Blink rF+
                  | rCorr} (Trog gifted it to you in the Dungeon)
  1025 | D        | Received a gift from Trog
  1030 | D        | Killed a naga warrior
  1218 | D        | Received a gift from Trog
  1250 | D        | Noticed a profane servitor
  1263 | D        | Received a gift from Trog
  1265 | D        | Killed a profane servitor
  1266 | D        | Reached XP level 12. HP: 111/140 MP: 11/11
  1293 | D        | Reached skill level 17 in Unarmed Combat
  1393 | D        | Received a gift from Trog
  1394 | D        | Reached skill level 10 in Armour
  1404 | D        | HP: 1/140 [skeletal warrior/+0 glaive (16)]
  1741 | D        | Noticed a merfolk avatar
  1741 | D        | Noticed a balrug
  1741 | D        | Noticed an eidolon
  1744 | D        | Received a gift from Trog
  1745 | D        | Reached skill level 15 in Fighting
  1746 | D        | Killed a balrug
  1747 | D        | Reached skill level 15 in Dodging
  1747 | D        | Killed a merfolk avatar
  1750 | D        | Killed an eidolon
  1752 | D        | Reached skill level 18 in Unarmed Combat
  1752 | D        | Received a gift from Trog
  1763 | D        | Got the orb "Ynkyth" {guile, rN+}
  1842 | D        | Noticed a white draconian
  1842 | D        | Noticed a vampire knight
  1851 | D        | Killed a white draconian
  1851 | D        | Identified the amulet of Firioly {Rampage rElec rF+ Regen+
                  | Int-5}
  1851 | D        | Noticed a red draconian
  1852 | D        | Killed a vampire knight
  1867 | D        | Noticed a five-headed hydra
  1941 | D        | Noticed a catoblepas
  1972 | D        | Killed a catoblepas
  1987 | D        | Killed a red draconian
  1988 | D        | Reached XP level 13. HP: 82/152 MP: 12/12
  1998 | D        | Received a gift from Trog
  2218 | D        | Noticed a green death
  2219 | D        | Noticed a nagaraja
  2219 | D        | Noticed a nagaraja
  2225 | D        | Reached skill level 19 in Unarmed Combat
  2226 | D        | Killed a green death
  2226 | D        | Noticed a white draconian stormcaller
  2229 | D        | Killed a nagaraja
  2230 | D        | Received a gift from Trog
  2241 | D        | Killed a white draconian stormcaller
  2246 | D        | Killed a nagaraja
  2253 | D        | Received a gift from Trog
  2269 | D        | Noticed a purple draconian
  2342 | D        | Killed a purple draconian
  2371 | D        | Noticed a deep elf demonologist
  2371 | D        | Noticed a deep elf death mage
  2377 | D        | Noticed a deep elf sorcerer
  2380 | D        | Noticed a deep elf demonologist
  2404 | D        | Killed a deep elf death mage
  2404 | D        | Noticed a deep elf death mage
  2417 | D        | Killed a deep elf death mage
  2426 | D        | Killed a deep elf sorcerer
  2427 | D        | Reached skill level 20 in Unarmed Combat
  2428 | D        | Killed a deep elf demonologist
  2428 | D        | Received a gift from Trog
  2477 | D        | Killed a deep elf demonologist
  2477 | D        | Noticed a sphinx
  2481 | D        | Killed a sphinx
  2482 | D        | Noticed a black draconian
  2503 | D        | Killed a black draconian
  2655 | D        | Gained mutation: You are vulnerable to heat. (rF-) [a
                  | neqoxec]
  2675 | D        | Noticed a deep elf demonologist
  2678 | D        | Noticed a sphinx
  2684 | D        | Paralysed by a sphinx for 2 turns
  2695 | D        | Killed a sphinx
  2698 | D        | Killed a deep elf demonologist
  2698 | D        | Received a gift from Trog
  2698 | D        | Found the +7 lajatang of Order {silver, rMut}
  2899 | D        | Got the amulet of Yhaxto Puso {Will+++ Regen+ rCorr}
  2902 | D        | Got the amulet of the Scuffed Mangosteen {Reflect Regen+
                  | Dex+3 SH+5}
  2904 | D        | Got the amulet "Tarydis" {Spirit rF+}
  2907 | D        | Got the ring of Awe {rF+ Will+ Dex+6}
  2909 | D        | Got the ring of the Madman {rPois Dex+2}
  2911 | D        | Got the ring of Ugyas {rPois Int+6}
  2913 | D        | Got the ring of Ypti Qoe {*Slow rCorr Dex+5}
  2917 | D        | Got the amulet "Haucecash" {Acrobat Str+3}
  2919 | D        | Got the amulet of Existentialism {Reflect rC+ Str+3 Int+4
                  | Dex-3 SH+5}
  2921 | D        | Got the amulet "Lufyexi" {Reflect rPois SH+5}
  2923 | D        | Got the amulet "Vogaew" {Acrobat Int+3}
  2925 | D        | Got the ring of Prescription {rPois MP+9}
  2927 | D        | Got the ring of Fegaablu {rF- rN++ rCorr Int+2 Dex+6}
  2929 | D        | Got the ring of Xom's Sleight of Hands {*Slow rPois rC+
                  | Str-3 Int+8}
  2935 | D        | Got the amulet "Faafeeri" {Spirit Int+3}
  2937 | D        | Got the ring "Boci" {rF++ rN+}
  2939 | D        | Got the ring of Belin {Ice Will+ rCorr}
  2941 | D        | Got the ring of Kuseudd {rC+ Str+6}
  2943 | D        | Got the ring "Roares" {Fire rElec rPois Str+7 Int-5}
  2947 | D        | Got the ring "Kasefioso" {rCorr Str+6 Int+3 Stlth+}
  2949 | D        | Got the ring "Jukuikheacw" {rPois Stlth+}
  2951 | D        | Got the ring "Zutas" {Ice rN+ Will+ Slay-3}
  2953 | D        | Got the ring of Sif Muna's Castigation {rElec rF+ rC+ rN++
                  | Dex-2}
  2965 | D        | Got the ring of Tomorrow {rF+ rC+ Int+2}
  2967 | D        | Got the ring of Zumu {rN+ rCorr AC+6 Str+2 Int-5}
  3075 | D        | Noticed a deep elf death mage
  3076 | D        | Noticed a golden dragon
  3077 | D        | Noticed a frost giant
  3090 | D        | Killed a deep elf death mage
  3098 | D        | Killed a golden dragon
  3100 | D        | Killed a frost giant
  3102 | D        | Killed a ghostly golden dragon
  3102 | D        | Killed a ghostly deep elf death mage
  3103 | D        | Reached XP level 14. HP: 167/167 MP: 0/13
  3123 | D        | Noticed a black draconian knight
  3134 | D        | Noticed Gloorx Vloq
  3135 | D        | Noticed a deep elf blademaster
  3136 | D        | HP: 8/167 [something/bolt of cold (66)]
  3137 | D        | Noticed an Executioner
  3137 | D        | Noticed an Executioner
  3157 | D        | HP: 5/167 [Executioner[Gloorx Vloq] (7)]
  3159 | D        | Mangled by an Executioner

Illustrated notes

Levels and vault maps discovered:
D:        pitsprint [storerooms_1, entrance_room_1, metal_vault_2, armoury_1,
          mini_pit_1, grid_room_1, main_hall_1, silver_pit, the_coven_2,
          the_vestibule_1, steel_vault_2, golden_pit, hallway_of_sentries,
          crystal_vault_6, iron_vault_5, final_vault]

Skill      XL: |  1  2  3  4  5  6  7  8  9 10 11 12 13 |
---------------+----------------------------------------+-----
Fighting       | 5 6 7 9 10 11 13 14 16 17 | 17.9
Dodging        | 5 6 7 9 10 11 12 14 15 17 | 17.8
Unarmed Combat | 6 7 9 11 12 13 15 16 18 20 | 20.8
Armour         | 4 6 9 11 14 | 14.5

Action                     |  1- 3 |  4- 6 |  7- 9 | 10-12 | 13-15 || total
---------------------------+-------+-------+-------+-------+-------++-------
  Melee: Unarmed           |    17 |    42 |    52 |   167 |    87 ||   365
         Punch             |       |     1 |     2 |    14 |    13 ||    30
 Invoke: Berserk           |       |     1 |     1 |     1 |     4 ||     7
         Brothers in Arms  |       |       |     2 |    11 |    10 ||    23
         Trog's Hand       |       |       |       |       |     2 ||     2
  Evoke: Box of beasts     |       |       |       |       |     1 ||     1
    Use: Potion            |       |       |     1 |     4 |     4 ||     9
         Scroll            |       |       |       |     3 |     4 ||     7
   Stab: Sleeping          |     1 |       |       |       |       ||     1
         Petrified         |       |       |       |     3 |       ||     3
         Petrifying        |       |       |       |     2 |       ||     2
 Armour: Animal skin       |    10 |    27 |    27 |       |       ||    64
         Swamp dragon scal |       |       |     4 |   156 |    72 ||   232
  Dodge: Dodged            |     8 |    14 |    23 |   118 |    41 ||   204

Table legend: (Time is in decaauts)
 A = Elapsed time spent in this place.
 B = Non-inter-level travel time spent in this place.
 C = Inter-level travel time spent in this place.
 D = Time resting spent in this place.
 E = Time spent auto-exploring this place.
 F = Levels seen in this place.
 G = Mean time per level.
                   A        B        C        D        E       F      G
               +--------+--------+--------+--------+--------+-----+--------+
         Total |   3132 |   2959 |    173 |   1047 |    154 |   1 | 3132.0 |
       Dungeon |   3132 |   2959 |    173 |   1047 |    154 |   1 | 3132.0 |
               +--------+--------+--------+--------+--------+-----+--------+

Top non-repeatable levels by time:
       D: 3132 daAuts
